 Dungeon Crawl Stone Soup version 0.21-a0-221-gfe971b9 (webtiles) character file.

1200 Leszczynek the Grappler (level 8, -9/73 (74) HPs)
             Began as a Troll Skald on Aug 25, 2017.
             Was a Believer of Uskayaw.
             Mangled by an ogre
             ... wielding a +0 giant spiked club
              (17 damage)
             ... on level 7 of the Dungeon.
             The game lasted 00:09:29 (1899 turns).

Leszczynek the Grappler (Troll Skald)               Turns: 1899, Time: 00:09:29

HP:   -9/73 (74)    AC:  5    Str: 20    XL:     8   Next: 21%
MP:   8/8           EV: 11    Int: 10    God:    Uskayaw [**....]
Gold: 198           SH:  0    Dex: 14    Spells: 4/9 levels left

rFire    . . .     SeeInvis .     - Unarmed
rCold    . . .     Gourm    +   (no shield)
rNeg     . . .     Faith    .   a - +0 robe
rPois    .         Spirit   .   (helmet restricted)
rElec    .         Reflect  .   (no cloak)
rCorr    .         Harm     .   (gloves unavailable)
MR       .....                  (boots unavailable)
Stlth    ..........             (no amulet)
HPRegen  0.62/turn              p - ring of loudness (curse)
MPRegen  0.11/turn              y - +4 ring of dexterity

@: no status effects
A: unfitting armour, claws 3, fast metabolism 3, gourmand, regeneration 1,
shaggy fur 1, tough skin 2
a: Stomp, Line Pass, Renounce Religion


You were on level 7 of the Dungeon.
You worshipped Uskayaw.
Uskayaw was noncommittal.
You were very full.

You visited 1 branch of the dungeon, and saw 7 of its levels.

You collected 198 gold pieces.

Inventory:

Hand Weapons
 t - a +0 hunting sling
Missiles
 i - 25 bolts
 j - 46 sling bullets
 r - 5 tomahawks (quivered)
Armour
 a - a +0 robe (worn)
Jewellery
 l - an uncursed amulet of faith
 p - a cursed ring of loudness (left claw)
 y - a +4 ring of dexterity (right claw)
Wands
 x - a wand of lightning (4/15)
Scrolls
 e - 2 scrolls of identify {@r1}
 k - a scroll of fear {unknown}
 n - a scroll of enchant weapon {unknown}
 q - a scroll of recharging {unknown}
Potions
 c - a potion of curing {@q1}
 f - a potion of cancellation
 g - 2 potions of haste
 m - a potion of invisibility {unknown}
 u - a potion of lignification {unknown}
 v - a potion of heal wounds {unknown}
 w - a potion of berserk rage {unknown}
 z - a potion of brilliance {unknown}
Books
 b - a book of Battle

   Spells                             Type                      Level
   a - Infusion                       Charms                       1
   b - Shroud of Golubria             Charms/Translocation         2
   c - Song of Slaying                Charms                       2
   d - Spectral Weapon                Hexes/Charms                 3
   e - Regeneration                   Charms/Necromancy            3
Comestibles
 d - 3 bread rations
 h - 3 royal jellies
 s - 2 meat rations


   Skills:
 * Level 2.9 Fighting
 + Level 2.5 Dodging
 - Level 9.3 Unarmed Combat
 - Level 1.2 Spellcasting
 - Level 2.0 Charms


You had 4 spell levels left.
You knew the following spells:

 Your Spells              Type           Power        Failure   Level  Hunger
a - Infusion              Chrm           #...         16%         1    ##.....
b - Shroud of Golubria    Chrm/Tloc      #.........   34%         2    ###....
c - Song of Slaying       Chrm           #.......     22%         2    ###....


Dungeon Overview and Level Annotations

Branches:
Dungeon (7/15)
 Temple: D:4-7

Altars:
Cheibriados
Uskayaw
Wu Jian
Yredelemnul


Innate Abilities, Weirdness & Mutations

You are too large for most types of armour.
You have claws for hands.
Your metabolism is lightning-fast.
You like to eat raw meat.
Your natural rate of healing is unusually fast.
You are covered in fur. (AC +1)
You have very tough skin. (AC +2)


Message History

You claw the ogre!
The ogre is heavily wounded.
The ogre hits you with a giant spiked club!!
You can now pass through a line of other dancers.
You barely miss the ogre.
The ogre is heavily wounded.
The ogre barely misses you.
You barely miss the ogre.
The ogre is heavily wounded.
You scratch the ogre.
The ogre is heavily wounded.
The ogre hits you with a giant spiked club!!
* * * LOW HITPOINT WARNING * * *
Unknown command.
You scratch the ogre.
The ogre is severely wounded.
You scratch the ogre.
The ogre is almost dead.
The ogre hits you with a giant spiked club!
You die...

#.##..# #..# #.##..########..#
#...............#
#.....########..# #.....# #..#
#########.....# #..#
..............#### #..#
..............##.# #..#
..............##@# #..#
........#.....##O### #..#
........+.......o..###..# #
........#.....##.#..##..#....
........#.###.##.....).......$
........#.###.##.##.##..#.####
............................
#########.###...........#.#.#
#.# #.##.##...........


You could see an ogre and an orc.

Vanquished Creatures
  Pikel (D:4)
  A necrophage (D:6)
  An ogre (D:4)
  2 bullfrogs
  A hound (D:4)
  A jelly (D:3)
  An orc priest (D:4)
  5 orc wizards
  An iguana (D:4)
  Robin (D:4)
  7 gnolls
  4 adders
  An ooze (D:3)
  3 worms (D:3)
  2 dart slugs (D:3)
  3 leopard geckos (D:3)
  14 orcs
  3 bats
  3 giant cockroaches
  15 goblins
  4 hobgoblins
  3 jackals (D:6)
  2 kobolds
  A quokka (D:2)
  2 ball pythons
  2 frilled lizards (D:2)
  4 rats
88 creatures vanquished.

Notes
Turn   | Place    | Note
-------+----------+-------------------------------------------
     0 | D:1      | Leszczynek the Troll Skald began the quest for the Orb.
     0 | D:1      | Reached XP level 1. HP: 19/19 MP: 1/1
   225 | D:2      | Reached XP level 2. HP: 27/27 MP: 2/2
   229 | D:2      | Learned a level 2 spell: Shroud of Golubria
   286 | D:2      | Reached skill level 3 in Unarmed Combat
   439 | D:2      | Reached XP level 3. HP: 30/33 MP: 3/3
   479 | D:2      | Reached skill level 4 in Unarmed Combat
   608 | D:3      | Reached XP level 4. HP: 29/41 MP: 4/4
   691 | D:3      | Reached skill level 5 in Unarmed Combat
   728 | D:3      | Reached XP level 5. HP: 48/48 MP: 5/5
   800 | D:4      | Noticed an ogre
   927 | D:3      | Reached skill level 6 in Unarmed Combat
  1273 | D:4      | Killed an ogre
  1273 | D:4      | Reached XP level 6. HP: 36/55 MP: 1/6
  1293 | D:4      | Found a snail-covered altar of Cheibriados.
  1299 | D:4      | Found a basalt altar of Yredelemnul.
  1302 | D:4      | Found an ornate altar of the Wu Jian Council.
  1307 | D:4      | Found a hide-covered altar of Uskayaw.
  1319 | D:4      | so which is the least shit?
  1322 | D:4      | Became a worshipper of Uskayaw the Reveler
  1370 | D:4      | Reached skill level 7 in Unarmed Combat
  1370 | D:4      | Reached * piety under Uskayaw
  1375 | D:4      | Reached ** piety under Uskayaw
  1432 | D:4      | Reached *** piety under Uskayaw
  1473 | D:4      | Noticed Robin
  1485 | D:4      | Killed Robin
  1545 | D:4      | Noticed Pikel
  1553 | D:4      | Killed Pikel
  1553 | D:4      | Reached skill level 9 in Unarmed Combat
  1553 | D:4      | Reached XP level 7. HP: 62/62 MP: 4/7
  1566 | D:5      | Entered Level 5 of the Dungeon
  1605 | D:6      | Reached skill level 2 in Fighting
  1605 | D:6      | Reached skill level 2 in Dodging
  1605 | D:6      | Reached XP level 8. HP: 54/71 MP: 8/8
  1675 | D:6      | Learned a level 2 spell: Song of Slaying
  1897 | D:7      | HP: 7/73 [ogre/giant spiked club (18)]
  1899 | D:7      | Mangled by an ogre

Vault maps used:
D:1:      eino_arrival_cavern_a, serial_co_window_serial, co_window_paths_b,
          co_window_cross_1, co_window_corner_a, co_window_of_opportunity_a,
          co_window_paths_a, co_window_cross_4, co_window_corner_ca,
          co_window_of_opportunity_c, co_window_2corner,
          co_window_of_opportunity_c, co_window_unsneaky_path_a,
          glass_columns_c, feat_on_display
D:3:      uniq_jessica
D:4:      grunt_temple_overflow_cloverleaf, chequers_temple_overflow_minitemple,
          minmay_temple_entry_nine_rooms, uniq_pikel, uniq_eustachio, uniq_robin
D:5:      first_bread, uniq_grinder, uniq_prince_ribbit1
D:6:      serial_bayou, serial_bayou_pond_a, serial_bayou_pond_e,
          serial_bayou_pond_e, serial_bayou_ford_a, grunt_ministairs_2
D:7:      uniq_menkaure

Skill      XL: |  1  2  3  4  5  6  7 |
---------------+----------------------+-----
Unarmed Combat | 3 4 5 6 9 |  9.3
Fighting       | 2 |  2.9
Dodging        | 2 |  2.5
Spellcasting   | |  1.2
Charms         | |  2.0

Action                   |  1- 3 |  4- 6 |  7- 9 || total
-------------------------+-------+-------+-------++-------
Melee: Unarmed           |    98 |   153 |    50 ||   301
       Punch             |     1 |     4 |       ||     5
Throw: Tomahawk          |       |     1 |       ||     1
 Cast: Shroud of Golubri |     1 |     3 |       ||     4
  Use: Scroll            |       |       |     3 ||     3
  Eat: Chunk             |    10 |    10 |     3 ||    23
Armor: Robe              |    18 |    30 |    11 ||    59
Dodge: Dodged            |    46 |    62 |    19 ||   127

Table legend:
 A = Spawn XP
 B = Non-spawn XP
 C = Spawn XP percentage of total XP
 D = Spawn monster count
 E = Non-spawn monster count
 F = Spawn count percentage of total count
 G = Total turns spent on level
                    A         B        C        D         E        F      G
               +---------+---------+-------+---------+---------+-------+---------
         Total |     114 |    1601 |   6.6 |      11 |      77 |  12.5 |  1899
               +---------+---------+-------+---------+---------+-------+---------
           D:1 |       0 |       8 |   0.0 |       0 |       5 |   0.0 |   101
           D:2 |      14 |      72 |  16.3 |       2 |      12 |  14.3 |   529
           D:3 |      16 |     256 |   5.9 |       5 |      32 |  13.5 |   635
           D:4 |      45 |     953 |   4.5 |       2 |      20 |   9.1 |   301
           D:6 |       0 |     224 |   0.0 |       0 |       7 |   0.0 |   110
           D:7 |      39 |      88 |  30.7 |       2 |       1 |  66.7 |   200
               +---------+---------+-------+---------+---------+-------+---------
